 Dungeon Crawl Stone Soup version 0.20-a0-903-g7e3609c (webtiles) character file.

499 nikopol the Poker (level 6, 0/84 HPs)
             Began as a Minotaur Berserker on Mar 19, 2017.
             Was a Priest of Trog.
             Succumbed to an adder's poison
             ... on level 4 of the Dungeon on Mar 20, 2017.
             The game lasted 00:09:51 (2456 turns).

nikopol the Poker (Minotaur Berserker)              Turns: 2456, Time: 00:09:52

Health: 0/84       AC:  9    Str: 26    XL:     6   Next: 94%
Magic:  5/5        EV: 10    Int:  4    God:    Trog [***...]
Gold:   193        SH:  0    Dex: 12    Spells: 5/5 levels left

rFire    . . .     SeeInvis .   a - +0 spear
rCold    + . .     Gourm    .   n - +0 chain mail
rNeg     . . .     Faith    .   (no shield)
rPois    .         Spirit   .   (helmet restricted)
rElec    .         Reflect  .   k - scarf {rC+}
rCorr    .         Harm     .   (no gloves)
MR       .....                  (no boots)
Stlth    ..........             (no amulet)
Regen    0.3/turn               (no ring)
MPRegen  0.1/turn               (no ring)

@: berserking, lethally poisoned (0 -> -25), very quick
A: retaliatory headbutt, horns 2
a: Berserk, Trog's Hand, Burn Spellbooks, Renounce Religion


You were on level 4 of the Dungeon.
You worshipped Trog.
Trog was most pleased with you.
You were very hungry.

You visited 1 branch of the dungeon, and saw 4 of its levels.
You also visited: Sewer.

You collected 193 gold pieces.

Inventory:

Hand Weapons
 a - a +0 spear (weapon)
Missiles
 f - 60 arrows (quivered)
Armour
 b - a +0 animal skin
 k - a scarf of cold resistance (worn)
 n - a +0 chain mail (worn)
Jewellery
 i - an uncursed ring of see invisible {unknown}
 t - a +2 ring of strength {unknown}
Scrolls
 g - a scroll of amnesia
 m - a scroll of magic mapping
 o - 4 scrolls of identify {unknown}
 q - 2 scrolls of fog {unknown}
Potions
 d - 4 potions of curing {unknown}
 e - 3 potions of lignification {unknown}
 h - a potion of flight {unknown}
 j - a potion of heal wounds {unknown}
 l - a potion of degeneration {unknown}
 p - a potion of invisibility {unknown}
 s - a potion of haste {unknown}
Comestibles
 c - 3 bread rations
 r - a royal jelly


   Skills:
 + Level 5.3 Fighting
 + Level 5.7 Polearms
 + Level 5.3 Armour
 + Level 4.3 Dodging


You had 5 spell levels left.
You didn't know any spells.

Dungeon Overview and Level Annotations

Branches:
Dungeon (4/15)
 Temple: D:4-7

Altars:
Cheibriados

Shops:
D:4 *


Innate Abilities, Weirdness & Mutations

You reflexively headbutt those who attack you in melee.
You have a pair of horns on your head.


Message History

Trog accepts your kill.
* * * LOW HITPOINT WARNING * * *
You feel sick. The water moccasin barely misses you.
A red film seems to cover your vision as you go berserk!
You feel yourself moving faster!
You feel mighty!
You are feeling very hungry.
* * * LOW HITPOINT WARNING * * *
You feel very sick.
The water moccasin bites you but does no damage.
The water moccasin bites you.
* * * LOW HITPOINT WARNING * * *
You miss the water moccasin.
The water moccasin is almost dead.
* * * LOW HITPOINT WARNING * * *
You feel sick. The water moccasin barely misses you. You furiously retaliate!
You headbutt the water moccasin!
You kill the water moccasin!
Trog accepts your kill.
You are too berserk!
You die...

#.######## ..
#.<....... ....
#.#######.
.....#.#
.....#'######
.............#
...........#####
...........#...#
#####....@.†.∩.+
#......#...#
###+#..#####
#... .....
#.....# #.....#
#......


There were no monsters in sight!

Vanquished Creatures
  A water moccasin (D:4)
  2 bullfrogs (Sewer)
  An orc priest (D:3)
  2 orc wizards (D:3)
  Robin (D:3)
  6 adders
  A river rat (D:3)
  2 worms
  2 dart slugs
  7 leopard geckos
  7 orcs (D:3)
  2 ball pythons
  4 bats
  10 giant cockroaches
  12 goblins
  8 hobgoblins
  6 jackals (D:1)
  6 kobolds
  2 quokkas (D:3)
  7 frilled lizards
  A rat (D:3)
90 creatures vanquished.

Notes
Turn   | Place    | Note
-------+----------+-------------------------------------------
     0 | D:1      | nikopol the Minotaur Berserker began the quest for the Orb.
     0 | D:1      | Reached XP level 1. HP: 19/19 MP: 0/0
    88 | D:1      | Reached XP level 2. HP: 27/27 MP: 1/1
   195 | D:1      | Upgraded the game from 0.20-a0-901-g27f6fa8 to 0.20-a0-903-g7e3609c
   396 | D:1      | Reached XP level 3. HP: 31/33 MP: 2/2
   541 | D:2      | Reached ** piety under Trog
   599 | D:2      | Found a snail-covered altar of Cheibriados.
   861 | D:2      | Reached XP level 4. HP: 35/40 MP: 3/3
  1158 | D:3      | Found a glowing drain.
  1167 | Sewer    | Entered a sewer
  1303 | Sewer    | Reached XP level 5. HP: 46/47 MP: 4/4
  1426 | Sewer    | Reached *** piety under Trog
  1442 | Sewer    | Reached skill level 5 in Polearms
  1462 | Sewer    | Reached XP level 6. HP: 41/55 MP: 5/5
  1597 | D:3      | Reached skill level 5 in Fighting
  1645 | D:3      | Noticed Robin
  1677 | D:3      | Killed Robin
  1677 | D:3      | Reached skill level 5 in Armour
  2438 | D:4      | Found Atomyg's Serpentskin Sales.
  2438 | D:4      | Noticed a water moccasin
  2454 | D:4      | HP: 3/84 [water moccasin (4)]
  2455 | D:4      | Killed a water moccasin
  2456 | D:4      | Succumbed to an adder's poison

Vault maps used:
D:1:      lemuel_arrival_funnel, serial_bayou_pond_e
D:2:      lemuel_doored_altar
D:3:      portal_sewer_entry_b, first_bread, uniq_robin
D:4:      nicolae_overflow_hidden_temple, minmay_temple_entry_butterflies,
          corexii_leaking_fountain, guppyfry_shop_venom, uniq_edmund,
          uniq_sigmund, uniq_natasha, uniq_grinder
Sewer:    sewer_frog_island_01

Skill      XL: |  1  2  3  4  5  6 |
---------------+-------------------+-----
Polearms       | 4 5 |  5.7
Armour         | 3 4 5 |  5.3
Fighting       | 4 5 |  5.3
Dodging        | 3 4 |  4.3

Action                   |  1- 3 |  4- 6 || total
-------------------------+-------+-------++-------
Melee: Spear             |    87 |   191 ||   278
       Headbutt          |     6 |    35 ||    41
Invok: Berserk           |       |     1 ||     1
  Use: Scroll            |       |     6 ||     6
  Eat: Chunk             |       |     5 ||     5
Armor: Animal skin       |     3 |       ||     3
       Chain mail        |    14 |    71 ||    85
Dodge: Dodged            |    33 |    54 ||    87
